 Dungeon Crawl Stone Soup version 0.29.1-1-gd02db6906a (webtiles) character file.

Game seed: 6428089572603666396

110 Sanktem7 the Trooper (level 4, 0/42 HPs)
             Began as a Minotaur Fighter on Oct 2, 2022.
             Slain by a gnoll
             ... wielding a +0 flail of venom
              (5 damage)
             ... on level 2 of the Dungeon.
             The game lasted 00:01:29 (730 turns).

Sanktem7 the Trooper (Minotaur Fighter)              Turns: 730, Time: 00:01:30

Health: 0/42       AC:  8    Str: 23    XL:     4   Next: 61%
Magic:  3/3        EV:  9    Int:  5    God:
Gold:   62         SH:  4    Dex:  9    Spells: 3/3 levels left

rFire   . . .      SeeInvis .   a - +0 war axe {axe}
rCold   . . .      Faith    .   c - +0 buckler
rNeg    . . .      Spirit   .   b - +0 scale mail
rPois   .          Reflect  .   (helmet restricted)
rElec   .          Harm     .   l - +0 cloak
rCorr   .          Rampage  .   (no gloves)
Will    +....                   (no boots)
Stlth   ..........              (no amulet)
HPRegen 0.14/turn               g - ring of willpower
MPRegen 0.08/turn               (no ring)

@: no status effects
A: horns 2, retaliatory headbutt
a: no special abilities


You were on level 2 of the Dungeon.
You visited 1 branch of the dungeon, and saw 2 of its levels.

You collected 62 gold pieces.


Innate Abilities, Weirdness & Mutations

You have a pair of horns on your head.
You reflexively headbutt those who attack you in melee.


   Skills:
 * Level 5.3 Fighting
 * Level 4.5 Axes
 - Level 3.6 Armour
 - Level 3.6 Shields


You had 3 spell levels left.
You didn't know any spells.
Your spell library was empty.

Inventory:

Hand Weapons
 a - a +0 war axe (weapon) {axe}
 i - a +0 whip of freezing {mace}
   (You took it off a kobold on level 1 of the Dungeon)
Missiles
 f - 19 stones (quivered) {throwing}
Armour
 b - a +0 scale mail (worn)
 c - a +0 buckler (worn)
 l - a +0 cloak (worn)
   (You found it on level 1 of the Dungeon)
Jewellery
 g - a ring of willpower (left hand)
   (You found it on level 1 of the Dungeon)
Scrolls
 e - a scroll of immolation {unknown}
 m - a scroll of enchant weapon {unknown}
 n - a scroll of enchant armour {unknown}
Potions
 d - a potion of might
 h - a potion of haste {unknown}
 j - 2 potions of curing {unknown}
 k - a potion of heal wounds {@q2}

Dungeon Overview and Level Annotations

Branches:
Dungeon (2/15) Zot: 11245

Altars:

...##. ......#####......
.#....).#.........
.................#
#.....##.........## .
#.#.....#.........# ##.#
#.....#.#.........#.....
..>...#.........@.......
..#...##.....)...g......
†## #......()).).#......
.####.#############.....
......# ..... ....###
.... .....# ... .....#
... .....##


You could see a gnoll.


Message History

A kobold comes into view.
It is wielding a +0 short sword of holy wrath.
You hear an angry hiss.
You closely miss the adder. Your headbutt misses the adder.
The adder bites you but does no damage.
The kobold throws a throwing net.
The throwing net closely misses you. The adder barely misses you.
You miss the adder. You headbutt the adder!
The adder bites you but does no damage.
You slash the adder!
You kill the adder!
The gnoll barely misses you.
The gnoll hits you from afar with a +0 spear.
Natasha, Servant of Life and Death comes into view.
A bat comes into view.
You block the gnoll's attack.
Things that are here:
a +0 club {mace}; a goblin corpse; 😕 HP[-1]
You take 1 damage, and now have 33/34 hp.
You barely miss the gnoll.
Natasha mumbles some strange words.
The gnoll barely misses you. You furiously retaliate!
You headbutt the gnoll!
You kill the gnoll!
Your Axes skill increases to level 4! 😕 HP[+1]
You now have 35 max hp (+1).
The bat hits you but does no damage. The bat barely misses you.
Things that are here:
a +0 spear {polearm}; a gnoll corpse You block the bat's attack.
The kobold hits you but does no damage.
You miss Natasha. Your headbutt misses Natasha. You closely miss the kobold.
The bat misses you. You furiously retaliate!
You headbutt the bat.
You kill the bat!
Natasha barely misses you.
The kobold hits you with a +0 short sword of holy wrath.
Natasha claws you but does no damage.
You barely miss Natasha. You barely miss the iron imp. You slash the kobold!
You kill the kobold!
You block the iron imp's attack. Natasha claws you.
A gnoll comes into view. It is wielding a +0 halberd.
A gnoll comes into view. It is wielding a +0 club. 😕 HP[-1]
You take 1 damage, and now have 33/35 hp.
The gnoll shouts!
You slash Natasha! You hit the iron imp but do no damage.
Natasha completely misses you. The iron imp barely misses you.
You furiously retaliate!
You headbutt the iron imp! You closely miss Natasha. You headbutt Natasha.
You barely miss the iron imp.
Natasha drinks a potion.
Natasha is healed!
The iron imp closely misses you. You block Natasha's attack.
You closely miss Natasha. You hit the iron imp but do no damage.
You block the iron imp's attack. You block Natasha's attack.
You slash Natasha! You hit the iron imp.
You kill the iron imp!
The iron imp disappears in a puff of smoke!
Natasha claws you but does no damage.
You barely miss Natasha. Natasha claws you.
The gnoll hits you from afar with a +0 halberd.
Natasha claws you but does no damage. The gnoll hits you with a +0 club.
The gnoll hits you from afar with a +0 halberd!
* * * LOW HITPOINT WARNING * * *
A gnoll comes into view.
It is wielding a +0 flail of venom. 😨 HP[-19]
You take 19 damage, and now have 14/35 hp.
MASSIVE DAMAGE!! (PAUSE)
You closely miss Natasha.
The gnoll shouts!
You headbutt Natasha, but do no damage. You hit the gnoll.
Natasha mumbles some strange words.
The gnoll hits you but does no damage. The gnoll completely misses you.
You slash Natasha!
You kill Natasha!
Natasha growls in agony!
The shadow imp disappears in a puff of smoke!
You barely miss the gnoll. The gnoll closely misses you.
The gnoll completely misses you.
Your Fighting skill increases to level 5!
You have reached level 4!
You feel stronger. 😨 HP[+3] MP[+1]
You now have 42 max hp (+7).
You regained 3 hp, and now have 17/42 hp.
Your mp is fully restored (3).
You slash the gnoll!
You kill the gnoll!
The gnoll barely misses you.
The gnoll hits you from afar with a +0 halberd.
* * * LOW HITPOINT WARNING * * *
You see here a +0 club {mace}. 😨 HP[-6]
You take 6 damage, and now have 11/42 hp.
The gnoll misses you. The gnoll barely misses you.
You hit the gnoll. You headbutt the gnoll!
You kill the gnoll!
You barely miss the gnoll.
The gnoll hits you with a +0 flail of venom.
* * * LOW HITPOINT WARNING * * *
You block the gnoll's attack. 😱 HP[-6]
You take 6 damage, and now have 5/42 hp.
The gnoll hits you with a +0 flail of venom.
You die...

Skill      XL: |  1  2  3 |
---------------+----------+-----
Fighting       | 4 5 |  5.3
Axes           | 3 4 |  4.5
Armour         | |  3.6
Shields        | |  3.6

Action                   |  1- 3 |  4- 6 || total
-------------------------+-------+-------++-------
Melee: War axe           |    61 |     2 ||    63
       Headbutt          |     9 |     1 ||    10
Armor: Scale mail        |    31 |       ||    31
Dodge: Dodged            |    39 |     3 ||    42
Block: Buckler           |    24 |     1 ||    25

Levels and vault maps discovered:
D:1:      dpeg_arrival_water_temple_mockup, layout_rooms
D:2:      layout_rooms, minmay_split_cup_small, uniq_natasha, uniq_sigmund

Notes
Turn   | Place    | Note
-------+----------+-------------------------------------------
     0 | D:1      | Sanktem7 the Minotaur Fighter began the quest for the Orb.
     0 | D:1      | Reached XP level 1. HP: 19/19 MP: 0/0
     0 | D:1      | magus.rc [v1.9.6]
    89 | D:1      | Reached skill level 4 in Fighting
    92 | D:1      | Reached skill level 3 in Axes
    92 | D:1      | Reached XP level 2. HP: 20/27 MP: 1/1
   439 | D:1      | Reached XP level 3. HP: 32/34 MP: 2/2
   713 | D:2      | Noticed Natasha
   715 | D:2      | Reached skill level 4 in Axes
   725 | D:2      | Killed Natasha
   726 | D:2      | Reached skill level 5 in Fighting
   726 | D:2      | Reached XP level 4. HP: 17/42 MP: 3/3
   729 | D:2      | HP: 5/42 [gnoll/+0 flail of venom (6)]
   730 | D:2      | Slain by a gnoll

Vanquished Creatures
  Natasha (D:2)
  2 adders (D:2)
  3 gnolls (D:2)
  A dart slug (D:1)
  5 endoplasms (D:1)
  3 giant cockroaches
  4 goblins
  3 hobgoblins (D:1)
  2 jackals (D:1)
  2 kobolds
  2 quokkas
  3 ball pythons (D:1)
  4 bats
  A rat (D:1)
36 creatures vanquished.

Table legend:
 A = Non-vault XP
 B = Vault XP
 C = Vault XP percentage of total XP
 D = Non-vault monster count
 E = Vault monster count
 F = Vault count percentage of total count
                 A         B        C        D         E       F
            +---------+---------+-------+---------+---------+-------
      Total |     123 |      35 |  22.2 |      35 |       1 |   2.8
            +---------+---------+-------+---------+---------+-------
        D:1 |      46 |       0 |   0.0 |      25 |       0 |   0.0
        D:2 |      77 |      35 |  31.2 |      10 |       1 |   9.1
            +---------+---------+-------+---------+---------+-------

Illustrated notes

Table legend:
 A = Kills in this place as a percentage of kills in entire the game.
 B = Kills by you in this place as a percentage of kills by you in the entire game.
 C = Kills by friends in this place as a percentage of kills by friends in the entire game.
 D = Other kills in this place as a percentage of other kills in the entire game.
 E = Experience gained in this place as a percentage of experience gained in the entire game.
 F = Experience gained in this place divided by the number of levels of this place that you have seen.
                   A       B       C       D       E      F
               +-------+-------+-------+-------+-------+----------------------
         Total | 100.0 | 100.0 |   N/A |   N/A | 100.0 |  79.0
       Dungeon | 100.0 | 100.0 |   N/A |   N/A | 100.0 |  79.0
               +-------+-------+-------+-------+-------+----------------------

Table legend: (Time is in decaauts)
 A = Elapsed time spent in this place.
 B = Non-inter-level travel time spent in this place.
 C = Inter-level travel time spent in this place.
 D = Time resting spent in this place.
 E = Time spent auto-exploring this place.
 F = Levels seen in this place.
 G = Mean time per level.
                   A        B        C        D        E       F      G
               +--------+--------+--------+--------+--------+-----+--------+
         Total |    753 |    735 |     18 |      0 |    576 |   2 |  376.5 |
       Dungeon |    753 |    735 |     18 |      0 |    576 |   2 |  376.5 |
               +--------+--------+--------+--------+--------+-----+--------+

Top non-repeatable levels by time:
     D:1: 685 daAuts
     D:2: 68 daAuts
